 Dungeon Crawl Stone Soup version 0.15-a0-2374-gaadabb3 (webtiles) character file.

3993 Ololoev the Quickloader (level 10, 0/71 HPs)
             Began as a Centaur Hunter on Aug 1, 2014.
             Was an Elder of Okawaru.
             Succumbed to a killer bee's poison
             ... on Level 8 of the Dungeon.
             The game lasted 00:36:58 (11035 turns).

Ololoev the Quickloader (Centaur Hunter)           Turns: 11035, Time: 00:36:58

HP   0/71        AC  9     Str 15      XL: 10   Next:  3%
MP   7/7         EV  9     Int 10      God: Okawaru [****..]
Gold 394         SH  0     Dex 13      Spells:  0 memorised,  9 levels left

rFire  . . .     SeeInvis .     i - +2 falchion
rCold  . . .     Clarity  .     d - +0 leather armour
rNeg   . . .     rCorr    .     (no shield)
rPois  +         rRot     .     l - +1 hat
rElec  .         Spirit   .     o - +2 cloak {+Inv}
SustAb .         Warding  .     k - +0 pair of gloves
rMut   .         Stasis   .     (no barding)
Gourm  .                        (no amulet)
MR     .....                    (no ring)
                                w - ring of poison resistance

@: lethally poisoned, very slightly contaminated, invisible, very quick, not
resistant to hostile enchantments, very unstealthy
A: hooves 3, deformed body, speed 2, tough skin 3
a: Heroism, Renounce Religion


You were on level 8 of the Dungeon.
You worshipped Okawaru.
Okawaru was greatly pleased with you.
You were hungry.

You visited 2 branches of the dungeon, and saw 9 of its levels.
You also visited: Ossuary.

You collected 394 gold pieces.

Inventory:

Hand weapons
 b - a +1 hand crossbow
 i - a +2 falchion (weapon)
Missiles
 m - 12 silver bolts
 v - 4 bolts
Armour
 d - a +0 leather armour (worn)
 k - a +0 pair of gloves (worn)
 l - a +1 hat (worn)
 o - a +2 cloak of darkness (worn)
Magical devices
 p - a wand of digging (10)
Comestibles
 f - 9 bread rations
 n - 3 meat rations
Scrolls
 a - 2 scrolls of immolation
 c - a scroll of remove curse
 g - a scroll of holy word
 h - 2 scrolls of teleportation
Jewellery
 w - a ring of poison resistance (left hand)
Potions
 e - a potion of magic
 j - 2 potions of cure mutation
 s - a potion of cancellation
 t - a potion of resistance
 z - 2 potions of restore abilities


   Skills:
 - Level 1.0 Fighting
 + Level 10.1 Long Blades
 - Level 11.0 Crossbows
 - Level 1.3 Dodging
 - Level 0.5 Stealth


You had 9 spell levels left.
You didn't know any spells.

Dungeon Overview and Level Annotations

Branches:
Dungeon (8/15)             Temple (1/1) D:4
   Lair: D:8-11

Altars:
Ashenzari
Cheibriados
Dithmenos
Elyvilon
Fedhas
Gozag
Kikubaaqudgha
Makhleb
Nemelex Xobeh
Okawaru
Qazlal
Sif Muna
Trog
Vehumet
Xom
Yredelemnul
Zin
The Shining One

Annotations:
D:3 Natasha


Innate Abilities, Weirdness & Mutations

You have hooves in place of feet.
Armour fits poorly on your strangely shaped body.
You cover ground very quickly.
You have extremely tough skin (AC +3).


Message History

Evoke which item? (* to show all) (? for menu, Esc to quit)
Okay, then.
Drink which item? (? for menu, Esc to quit)
Okay, then.
Drink which item? (? for menu, Esc to quit)
You fade into invisibility!
The killer bee completely misses you. The killer bee closely misses you.
You are very lightly contaminated with residual magic.
You are feeling hungry.
The killer bee stings you.
* * * LOW HITPOINT WARNING * * *
You feel sick. The killer bee barely misses you.
You miss the killer bee. The killer bee closely misses you.
You closely miss the killer bee. The killer bee stings you.
* * * LOW HITPOINT WARNING * * *
You are lethally poisoned!
The killer bee poisons you! The killer bee stings you.
* * * LOW HITPOINT WARNING * * *
You die...

#..........# ###
####..........# ##<#
#...[.........####...
#....................
#......###########.?.
####'#.# #...
#.#.############..
#(#>..............
#@##############.#
#.# ..# #y# # #y# #.#
########.# #....y%..#
#.########


You could see 2 killer bees.

Vanquished Creatures
  An ugly thing (D:6)
  Prince Ribbit (D:3)
  A spriggan (D:7)
  A hungry ghost (D:8)
  Edmund (D:7)
  An orc warrior (D:8)
  3 ice beasts
  A yellow wasp (D:7)
  A centaur (D:6)
  2 sky beasts (D:7)
  A big kobold (D:7)
  2 ogres
  Duvessa (D:4)
  An elf zombie (Ossuary)
  2 giant frogs
  Blork the orc (D:4)
  2 scorpions
  A gnoll sergeant (D:8)
  9 killer bees
  4 wights (D:6)
  A goliath beetle (D:8)
  Dowan (D:4)
  A crimson imp (D:7)
  2 centaur zombies (Ossuary)
  2 jellies (D:8)
  2 giant frog skeletons (D:7)
  Natasha (D:3)
  2 iguanas
  3 orc wizards
  7 worker ants
  Ijyb (D:3)
  3 mummies
  6 gnolls (D:8)
  4 adders
  A shadow imp (D:7)
  4 worms
  An adder skeleton (D:4)
  3 adder zombies (Ossuary)
  4 giant geckos
  4 oozes
  14 orcs
  8 giant cockroaches
  18 goblins
  8 hobgoblins
  18 kobolds
  3 quokkas
  14 bats
  6 giant newts
  A gnoll skeleton (D:4)
  A goblin zombie (Ossuary)
  A hobgoblin skeleton (D:8)
  10 hobgoblin zombies (Ossuary)
  9 jackals
  A jackal skeleton (D:4)
  10 kobold zombies (Ossuary)
  8 orc zombies (Ossuary)
  16 rats
  2 rat skeletons (D:4)
  2 rat zombies
240 creatures vanquished.

Notes
Turn   | Place    | Note
--------------------------------------------------------------
     0 | D:1      | Ololoev, the Centaur Hunter, began the quest for the Orb.
     0 | D:1      | Reached XP level 1. HP: 16/16 MP: 1/1
   180 | D:1      | Reached XP level 2. HP: 14/23 MP: 2/2
   182 | D:1      | Reached skill level 5 in Crossbows
   991 | D:2      | Reached XP level 3. HP: 28/28 MP: 3/3
  1618 | D:3      | Reached skill level 6 in Crossbows
  1829 | D:3      | Reached XP level 4. HP: 30/35 MP: 3/3
  1875 | D:3      | Noticed Ijyb
  1957 | D:3      | Killed Ijyb
  2462 | D:3      | Noticed Natasha
  2496 | D:3      | Killed Natasha
  2641 | D:3      | Reached skill level 7 in Crossbows
  2641 | D:3      | Reached XP level 5. HP: 26/40 MP: 4/4
  3211 | D:4      | Noticed Prince Ribbit
  3329 | D:3      | Killed Prince Ribbit
  3329 | D:3      | Reached skill level 8 in Crossbows
  3329 | D:3      | Reached XP level 6. HP: 47/47 MP: 5/5
  3387 | D:3      | Noticed Natasha
  3858 | D:4      | Found a staircase to the Ecumenical Temple.
  3867 | Temple   | Entered the Ecumenical Temple
  3917 | Temple   | Became a worshipper of Warmaster Okawaru
  4157 | D:4      | Reached skill level 9 in Crossbows
  4208 | D:4      | Found a bloodstained altar of Trog.
  4296 | D:4      | Noticed Dowan
  4322 | D:4      | Noticed Duvessa
  4331 | D:4      | Noticed an ogre
  4399 | D:4      | Killed an ogre
  4399 | D:4      | Reached XP level 7. HP: 43/52 MP: 5/5
  4428 | D:4      | Killed Duvessa
  4727 | D:4      | Killed Dowan
  4727 | D:4      | Acquired Okawaru's first power
  4808 | D:5      | Entered Level 5 of the Dungeon
  4815 | D:5      | Noticed Blork the orc
  4852 | D:4      | Killed Blork the orc
  4852 | D:4      | Reached skill level 10 in Crossbows
  6036 | D:6      | Reached XP level 8. HP: 38/59 MP: 6/6
  6046 | D:6      | Reached skill level 11 in Crossbows
  6328 | D:6      | Reached skill level 1 in Long Blades
  7035 | D:7      | Found a sand-covered staircase.
  7040 | Ossuary  | Entered an ossuary
  7730 | D:7      | Noticed a purple ugly thing
  7847 | D:6      | Killed a purple ugly thing
  8000 | D:7      | Reached XP level 9. HP: 44/64 MP: 7/7
  9661 | D:7      | Noticed Edmund
  9717 | D:7      | Killed Edmund
 10996 | D:8      | Reached skill level 10 in Long Blades
 10996 | D:8      | Reached XP level 10. HP: 55/71 MP: 7/7
 11023 | D:8      | HP: 3/71 [poisoned by a killer bee]
 11034 | D:8      | HP: 1/71 [killer bee (6)]
 11035 | D:8      | Succumbed to a killer bee's poison

Action                   |  1- 3 |  4- 6 |  7- 9 | 10-12 || total
-------------------------+-------+-------+-------+-------++-------
Melee: Short sword       |   129 |   162 |       |       ||   291
       Cutlass           |       |       |    73 |       ||    73
       Falchion          |       |       |   419 |    28 ||   447
 Fire: Hand crossbow     |       |    53 |   141 |       ||   194
Evoke: Wand              |     1 |       |       |       ||     1
  Use: Scroll            |       |    10 |    12 |       ||    22
       Potion            |       |       |     3 |     4 ||     7
  Eat: Chunk             |     2 |     7 |    10 |       ||    19
       Beef jerky        |       |       |     3 |       ||     3
       Fruit             |       |       |     2 |       ||     2
       Pizza             |       |       |     1 |       ||     1
